 Dungeon Crawl Stone Soup version 0.23.0 (webtiles) character file.

Game seed: 14468427376764426065

19 tidbits the Charmwright (level 2, 17/26 HPs)
             Began as a Gnoll Skald on Feb 14, 2019.
             Quit the game on level 6 of the Dungeon.
             The game lasted 00:02:23 (245 turns).

tidbits the Charmwright (Gnoll Skald)                Turns: 245, Time: 00:02:24

Health: 17/26      AC:  6    Str: 13    XL:     2   Next: 75%
Magic:  7/7        EV: 14    Int: 15    God:
Gold:   61         SH:  0    Dex: 14    Spells: 5/10 levels left

rFire    . . .     SeeInvis +   a - +0 spear
rCold    . . .     Gourm    .   (no shield)
rNeg     . . .     Faith    .   b - +0 leather armour
rPois    .         Spirit   .   E - +2 helmet {SInv}
rElec    .         Reflect  .   (no cloak)
rCorr    .         Harm     .   (no gloves)
MR       .....                  (no boots)
Stlth    +.........             (no amulet)
HPRegen  0.08/turn              (no ring)
MPRegen  0.10/turn              (no ring)

@: no status effects
A: distributed training, fangs 1, strong nose
a: no special abilities


You were on level 6 of the Dungeon.
You were not hungry.

You visited 1 branch of the dungeon, and saw 4 of its levels.

You collected 61 gold pieces.

Inventory:

Hand Weapons
 a - a +0 spear (weapon)
Armour
 b - a +0 leather armour (worn)
 h - a +0 ring mail
 E - a +2 helmet of see invisible (worn)
   (You found it on level 3 of the Dungeon)
Scrolls
 c - a scroll of identify {unknown}
 e - a scroll of blinking {unknown}
 f - a scroll of fog {unknown}
 g - a scroll of teleportation {unknown}
Comestibles
 d - 2 rations


   Skills:
 + Level 4.5 Fighting
 + Level 0.5 Short Blades
 + Level 0.5 Long Blades
 + Level 0.5 Axes
 + Level 0.5 Maces & Flails
 + Level 4.5 Polearms
 + Level 0.5 Staves
 + Level 0.5 Slings
 + Level 0.5 Bows
 + Level 0.5 Crossbows
 + Level 0.5 Throwing
 + Level 2.5 Armour
 + Level 4.5 Dodging
 + Level 0.5 Stealth
 + Level 0.5 Shields
 + Level 0.5 Unarmed Combat
 + Level 4.9 Spellcasting
 + Level 0.3 Conjurations
 + Level 0.3 Hexes
 + Level 5.3 Charms
 + Level 0.3 Summonings
 + Level 0.3 Necromancy
 + Level 0.3 Translocations
 + Level 0.3 Transmutations
 + Level 0.3 Fire Magic
 + Level 0.3 Ice Magic
 + Level 0.3 Air Magic
 + Level 0.3 Earth Magic
 + Level 0.3 Poison Magic
 + Level 0.6 Invocations
 + Level 0.5 Evocations


You had 5 spell levels left.
You knew the following spells:

 Your Spells              Type           Power        Failure   Level  Hunger
g - Shroud of Golubria    Chrm/Tloc      ##........   10%         2    ##.....
i - Infusion              Chrm           ###.         2%          1    None
y - Song of Slaying       Chrm           ###.....     3%          2    ##.....

Your spell library contained the following spells:

 Spells                   Type           Power        Failure   Level  Hunger
 Regeneration             Chrm/Necr      ##........   19%         3    ###....
 Spectral Weapon          Hex/Chrm       ##......     19%         3    ###....


Dungeon Overview and Level Annotations

Branches:
Dungeon (3/15)

Altars:


Innate Abilities, Weirdness & Mutations

Your experience applies equally to all skills.
You have very sharp teeth.
Your uncanny sense of smell can sniff out nearby items.


Message History

You hit the frilled lizard.
You kill the frilled lizard!
A bat comes into view.
The bat hits you but does no damage.
Unknown command.
You miss the bat. Your bite misses the bat. The bat closely misses you.
The bat hits you but does no damage.
Attack whom?
Press: ? - help, Dir - move target cursor, f - bat
Aim: a bat You reach to attack!
You barely miss the bat. The bat misses you.
You miss the bat. You bite the bat.
The bat is moderately wounded.
The bat barely misses you.
Attack whom?
Press: ? - help, Dir - move target cursor, f/p - bat
Aim: a bat (moderately wounded)
You reach to attack!
You hit the bat.
You kill the bat!
Found 14 gold pieces.
Found three items.
Unknown command.
Found a ring mail and a scroll labeled GOARIG FUFYECK.
Found 24 gold pieces.
Unknown command.
You see here 14 gold pieces.
You now have 37 gold pieces (gained 14).
You see here a shiny helmet.
e - a shiny helmet Wear which item? (? for menu, Esc to quit)
You start putting on your armour.
You continue putting on your shiny helmet. x4
You finish putting on your +2 helmet of see invisible.
You feel perceptive.
Adjust (i)tems, (s)pells, or (a)bilities?
Adjust which item? (? for menu, Esc to quit)
e - a +2 helmet of see invisible (worn)
Adjust to which letter? (? for menu, Esc to quit)
E - a +2 helmet of see invisible (worn)
Found a ration.
You see here 10 gold pieces.
Unknown command.
You now have 47 gold pieces (gained 10).
You open the door.
Unknown command.
There is an open door here.
Found a short sword.
You see here a scroll labeled GOARIG FUFYECK.
e - a scroll labeled GOARIG FUFYECK You see here a scroll labeled MYIBUA YSATEFI.
f - a scroll labeled MYIBUA YSATEFI You see here 14 gold pieces.
You now have 61 gold pieces (gained 14).
You see here a scroll labeled SAKHLAI DEAN.
g - a scroll labeled SAKHLAI DEAN
Okay, then.
You see here a ring mail.
h - a ring mail
There is a shaft here.
You fall through a shaft for 3 floors!
The shaft crumbles and collapses.
Unknown command.
Unknown command.
Unknown command.
A zombie and a skeleton come into view.
Casting: Infusion (safe; 2% risk of failure)
Confirm with . or Enter, or press ? or * to list all spells.
You don't know that spell.
You hit the adder zombie.
The adder zombie is moderately damaged.
The adder zombie barely misses you.
You barely miss the adder zombie.
The adder zombie is moderately damaged.
The adder zombie barely misses you.
You hit the adder zombie.
You bite the adder zombie, but do no damage.
The adder zombie is heavily damaged.
The adder zombie misses you.
You barely miss the adder zombie.
The adder zombie is heavily damaged.
The adder zombie closely misses you.
You barely miss the adder zombie.
The adder zombie is heavily damaged.
The adder zombie misses you.
You hit the adder zombie.
The adder zombie is severely damaged.
The adder zombie barely misses you.
You hit the adder zombie.
The adder zombie is severely damaged.
The adder zombie misses you.
You hit the adder zombie but do no damage.
The adder zombie is severely damaged.
The adder zombie bites you but does no damage.
You closely miss the adder zombie.
The adder zombie is severely damaged.
The adder zombie bites you.
You hit the adder zombie.
You destroy the adder zombie!
Unknown command.
Are you sure you want to abandon this character and quit the game? (Confirm with "yes".)

∆ #### #..##
#...# ∆
#..#.####
#.##....####
#..
####....####
∆∆ #..#
####.@..#
#... ∆
####.....#
#.#. .###...
#.#. ..∆ .
..P ∆ ..8.
..Z.. ###.##


There were no monsters in sight!

Vanquished Creatures
  An adder (D:2)
  An adder zombie (D:6)
  A goblin (D:2)
  A hobgoblin (D:2)
  2 bats
  A frilled lizard (D:3)
  2 rats (D:2)
9 creatures vanquished.

Notes
Turn   | Place    | Note
-------+----------+-------------------------------------------
     0 | D:1      | tidbits the Gnoll Skald began the quest for the Orb.
     0 | D:1      | Reached XP level 1. HP: 20/20 MP: 6/6
    11 | D:1      | Noticed a bullfrog
    92 | D:2      | Reached XP level 2. HP: 13/26 MP: 1/7
    96 | D:2      | Learned a level 2 spell: Song of Slaying
    99 | D:2      | Learned a level 2 spell: Shroud of Golubria
   223 | D:3      | You fall through a shaft for 3 floors!
   245 | D:6      | Quit the game

Action                   || total
-------------------------++-------
Melee: Spear             ||    45
       Bite              ||     3
 Cast: Infusion          ||     1
Armor: Leather armour    ||    10
Dodge: Dodged            ||    20

Table legend:
 A = Turns spent in this place as a percentage of turns spent in the entire game.
 B = Non-inter-level travel turns spent in this place as a percentage of non-inter-level travel turns spent in the entire game.
 C = Inter-level travel turns spent in this place as a percentage of turns spent in this place.
 D = Turns resting spent in this place as a percentage of non-inter-level travel turns spent in this place.
 E = Turns spent auto-exploring this place as a percentage of non-inter-level travel turns spent in this place.
 F = Non-inter-level travel turns spent in this place divided by the number of levels of this place that you've seen.
                   A       B       C       D       E      F
               +-------+-------+-------+-------+-------+----------------------
         Total | 100.0 | 100.0 |   0.0 |   0.0 |   0.0 |  61.2
       Dungeon | 100.0 | 100.0 |   0.0 |   0.0 |   0.0 |  61.2
               +-------+-------+-------+-------+-------+----------------------

Table legend:
 A = Kills in this place as a percentage of kills in entire the game.
 B = Kills by you in this place as a percentage of kills by you in the entire game.
 C = Kills by friends in this place as a percentage of kills by friends in the entire game.
 D = Other kills in this place as a percentage of other kills in the entire game.
 E = Experience gained in this place as a percentage of experience gained in the entire game.
 F = Experience gained in this place divided by the number of levels of this place that you have seen.
                   A       B       C       D       E      F
               +-------+-------+-------+-------+-------+----------------------
         Total | 100.0 | 100.0 |   N/A |   N/A | 100.0 |   7.0
       Dungeon | 100.0 | 100.0 |   N/A |   N/A | 100.0 |   7.0
               +-------+-------+-------+-------+-------+----------------------

Levels and vault maps discovered:
D:1:      evilmike_arrival_come_back, layout_basic,
          nemelex_xobeh_ov_fountains_minmay
D:2:      layout_loops_cross, minmay_cupped, uniq_jessica, uniq_natasha
D:3:      layout_basic, first_ration, minmay_misc_feat_diagonals, uniq_sigmund
D:6:      layout_rooms, serial_undead, serial_undead_e, serial_undead_a,
          serial_undead_c, serial_undead_e
